 Dungeon Crawl Stone Soup version 0.24.0-13-gcf9b319 (webtiles) character file.

Game seed: 7730199107267647015, levelgen mode: deterministic

19 Bronimir the Grasshopper (level 2, -3/26 HPs)
             Began as a Gnoll Warper on Mar 4, 2020.
             Killed from afar by a white imp (4 damage)
             ... with a puff of frost
             ... summoned by Natasha
             ... on level 2 of the Dungeon.
             The game lasted 00:01:23 (593 turns).

Bronimir the Grasshopper (Gnoll Warper)              Turns: 593, Time: 00:01:24

Health: -3/26      AC:  3    Str: 13    XL:     2   Next: 75%
Magic:  7/7        EV: 14    Int: 15    God:
Gold:   9          SH:  0    Dex: 14    Spells: 10/10 levels left

rFire    . . .     SeeInvis .   a - +0 hand axe
rCold    . . .     Gourm    .   (no shield)
rNeg     . . .     Faith    .   b - +0 leather armour
rPois    .         Spirit   .   (no helmet)
rElec    .         Reflect  .   (no cloak)
rCorr    .         Harm     .   (no gloves)
MR       .....                  (no boots)
Stlth    +.........             (no amulet)
HPRegen  0.08/turn              (no ring)
MPRegen  0.10/turn              (no ring)

@: slowed, very slow
A: distributed training, fangs 1, strong nose
a: no special abilities


You were on level 2 of the Dungeon.
You were not hungry.

You visited 1 branch of the dungeon, and saw 2 of its levels.

You collected 9 gold pieces.

Inventory:

Hand Weapons
 a - a +0 hand axe (weapon)
 q - a +0 spear
Missiles
 c - 11 arrows
 m - 4 boomerangs (quivered)
 n - 17 stones
Armour
 b - a +0 leather armour (worn)
Scrolls
 d - a scroll of blinking
 e - a scroll of teleportation {unknown}
 g - a scroll of enchant armour {unknown}
 h - a scroll of noise {unknown}
 o - a scroll of remove curse {unknown}
Potions
 i - a potion of resistance {unknown}
 j - a potion of lignification {unknown}
 k - a potion of invisibility {unknown}
 l - a potion of agility {unknown}
 p - a potion of heal wounds {unknown}
Comestibles
 f - 2 rations


   Skills:
 + Level 4.5 Fighting
 + Level 0.5 Short Blades
 + Level 0.5 Long Blades
 + Level 4.5 Axes
 + Level 0.5 Maces & Flails
 + Level 0.5 Polearms
 + Level 0.5 Staves
 + Level 0.5 Slings
 + Level 0.5 Bows
 + Level 0.5 Crossbows
 + Level 2.5 Throwing
 + Level 2.5 Armour
 + Level 4.5 Dodging
 + Level 0.5 Stealth
 + Level 0.5 Shields
 + Level 0.5 Unarmed Combat
 + Level 4.9 Spellcasting
 + Level 0.3 Conjurations
 + Level 0.3 Hexes
 + Level 0.3 Charms
 + Level 0.3 Summonings
 + Level 0.3 Necromancy
 + Level 5.3 Translocations
 + Level 0.3 Transmutations
 + Level 0.3 Fire Magic
 + Level 0.3 Ice Magic
 + Level 0.3 Air Magic
 + Level 0.3 Earth Magic
 + Level 0.3 Poison Magic
 + Level 0.6 Invocations
 + Level 0.5 Evocations


You had 10 spell levels left.
You didn't know any spells.
Your spell library contained the following spells:

 Spells                   Type           Power        Failure   Level  Hunger
 Blink                    Tloc           N/A          3%          2    ##.....
 Gell's Gravitas          Tloc           ###.......   7%          3    ###....
 Lesser Beckoning         Tloc           ###.......   7%          3    ###....
 Teleport Other           Tloc           ###.....     7%          3    ###....
 Shroud of Golubria       Chrm/Tloc      ##....       10%         2    ##.....
 Passage of Golubria      Tloc           N/A          22%         4    ####...


Dungeon Overview and Level Annotations

Branches:
Dungeon (2/15)

Altars:

Annotations:
D:2 Natasha


Innate Abilities, Weirdness & Mutations

Your experience applies equally to all skills.
You have very sharp teeth.
Your uncanny sense of smell can sniff out nearby items.


Message History

Natasha stares at you and mumbles some strange words.
The magic dart hits you!
The white imp hits you but does no damage.
Natasha casts a spell.
You hit Natasha.
Natasha is moderately wounded.
You hit the white imp but do no damage. The white imp hits you.
The white imp freezes you.
Natasha stares at you and mumbles some strange words.
The magic dart hits you!
* * * LOW HITPOINT WARNING * * *
The white imp misses you. Natasha claws you.
* * * LOW HITPOINT WARNING * * *
The shadow imp hits you.
* * * LOW HITPOINT WARNING * * *
The shadow imp closely misses you. The white imp gestures at you.
The puff of frost hits you.
You die...

##+##
##...##
##.....##
##.......##
#.........#
+....h.>..+
#...55....#
##...@...##
##..<..##
##...##
##+## ∆


You could see Natasha, a white imp and a shadow imp.

Vanquished Creatures
  A leopard gecko (D:1)
  A giant cockroach (D:1)
  A goblin (D:1)
  2 hobgoblins (D:1)
  2 jackals (D:1)
  A ball python (D:1)
  7 bats (D:1)
  A kobold (D:1)
  3 rats (D:1)
19 creatures vanquished.

Notes
Turn   | Place    | Note
-------+----------+-------------------------------------------
     0 | D:1      | Bronimir the Gnoll Warper began the quest for the Orb.
     0 | D:1      | Reached XP level 1. HP: 20/20 MP: 6/6
    54 | D:1      | Reached XP level 2. HP: 5/26 MP: 7/7
   587 | D:2      | Noticed Natasha
   592 | D:2      | HP: 1/26 [shadow imp[Natasha] (1)]
   593 | D:2      | Killed from afar by a white imp

Levels and vault maps discovered:
D:1:      ncdulo_watergridlock, layout_rooms
D:2:      layout_loops_corners, first_ration, kennysheep_generic_room_7,
          uniq_natasha

Action                   || total
-------------------------++-------
Melee: Hand axe          ||    46
       Bite              ||     2
Throw: Boomerang         ||     7
Armor: Leather armour    ||    12
Dodge: Dodged            ||    55
